 Dungeon Crawl Stone Soup version 0.30-a0-331-g8ab09dc110 (webtiles) character file.

Game seed: 11575111270157390475

4889 oldmanjim the Thaumaturge (level 10, -7/75 HPs)
             Began as a Djinni Earth Elementalist on Oct 28, 2022.
             Was a Believer of Ashenzari.
             Shot with an arrow by a centaur warrior (18 damage)
             ... on level 9 of the Dungeon on Oct 29, 2022.
             The game lasted 01:05:34 (8271 turns).

oldmanjim the Thaumaturge (DjEE)                    Turns: 8271, Time: 01:05:34

Health: -7/75      AC: 11    Str:  7    XL:     10   Next: 79%
Gold:   476        EV: 12    Int: 21    God:    Ashenzari [**....] SH:  0 Dex: 14

rFire   + + .      SeeInvis +    b - staff of earth
rCold   x . .      Faith    .    (no shield)
rNeg    + . .      Spirit   +    p - +1 leather armour {Will+}
rPois   ∞          Reflect  .    x - +0 helmet "Astral Augurer" {Self, Evo} (curse)
rElec   .          Harm     .    q - +0 cloak "Revealing Sybil" {Fort, Evo} (curse)
rCorr   .          Rampage  .    (no gloves)
Will    ++...                    (boots unavailable)
Stlth   ++........               G - amulet of guardian spirit
HPRegen 0.32/turn                B - ring of positive energy
MPRegen 0.00/turn                F - ring of the Tethered Apathy {AC+4, Fort, Evo} (curse)

@: flying
A: sickness immunity, fire resistance 2, cold vulnerability 1, float, innate
caster, HP casting, extra vitality 1
a: Renounce Religion, Shatter the Chains


You were on level 9 of the Dungeon.
You worshipped Ashenzari.
Ashenzari was pleased with you.
You visited 2 branches of the dungeon, and saw 10 of its levels.

You collected 476 gold pieces.

Inventory:

Hand Weapons
 a - a +2 dagger of venom
 I - a +0 sling
 M - a +2 shortbow of electrocution
Missiles
 h - 14 poisoned darts
 j - 4 throwing nets
 n - 52 stones
 s - 6 atropa-tipped darts
 O - a curare-tipped dart
 S - 3 boomerangs
Armour
 e - a +0 robe
 p - a +1 leather armour of willpower (worn)
 q - the cursed +0 cloak "Revealing Sybil" (worn) {Fort, Evo}
   (You found it on level 3 of the Dungeon)

   It has a curse which improves the following skills: Fortitude: Armour and
   Shields.
   Evocations: Evocations.
 x - the cursed +0 helmet "Astral Augurer" (worn) {Self, Evo}
   (You took it off Robin on level 3 of the Dungeon)

   It has a curse which improves the following skills: Introspection: Fighting
   and Spellcasting.
   Evocations: Evocations.
 H - a scarf of shadows
 T - the +1 ring mail of Paranoia {Regen+ Int+6 Slay+3}
   (You found it on level 9 of the Dungeon)

   Int:       It affects your intelligence (+6).
   Slay:      It affects your accuracy & damage with ranged weapons and melee
   (+3).
   Regen:     It increases your rate of health regeneration.
Magical Staves
 b - a staff of earth (weapon)
Jewellery
 B - a ring of positive energy (left hand)
 F - the cursed ring of the Tethered Apathy (right hand) {AC+4, Fort, Evo}
   (You found it on level 5 of the Dungeon)

   [ring of protection]

   AC:        It affects your AC (+4).
   It has a curse which improves the following skills: Fortitude: Armour and
   Shields.
   Evocations: Evocations.
 G - an amulet of guardian spirit (around neck)
Wands
 o - a wand of mindburst (17)
 K - a wand of roots (5)
 L - a wand of light (18)
Scrolls
 c - 2 scrolls of magic mapping
 f - a scroll of silence
 i - 2 scrolls of enchant weapon
 k - 6 scrolls of identify
 l - 4 scrolls of teleportation
 m - 2 scrolls of butterflies
 t - 2 scrolls of summoning
 u - 2 scrolls of torment
 y - 2 scrolls of enchant armour
 J - a scroll of blinking
 Q - 2 scrolls of amnesia
Potions
 d - a potion of attraction
 g - 4 potions of curing
 r - a potion of lignification
 v - 3 potions of might
 w - 2 potions of heal wounds
 z - a potion of resistance
 A - a potion of invisibility
 D - a potion of ambrosia
 E - 2 potions of brilliance
 N - a potion of haste
 P - a potion of mutation
 R - a potion of degeneration


   Skills:
 + Level 6.1(7.3) Fighting
 - Level 4.2(6.0) Armour
 - Level 4.0 Dodging
 - Level 1.5 Stealth
 - Level 1.7(3.1) Shields
 + Level 9.4(10.6) Spellcasting
 + Level 4.3(6.7) Evocations


You had 11 spell levels left.
You knew the following spells:

 Your Spells              Type           Power      Damage    Failure   Level
a - Sandblast             Erth           100%       2d20      1%          1
b - Passwall              Tmut/Erth      59%        N/A       1%          2
c - Stone Arrow           Conj/Erth      100%       3d13      1%          3
d - Petrify               Tmut/Erth      71%        N/A       1%          4
e - Summon Small Mammal   Summ           100%       N/A       1%          1
f - Poisonous Vapours     Pois/Air       100%       N/A       1%          2
g - Ozocubu's Armour      Ice            54%        N/A       1%          3
h - Summon Guardian Gole  Hex/Summ       54%        N/A       1%          3
Your spell library was empty.

Dungeon Overview and Level Annotations

Branches:
Dungeon (9/15)             Temple (1/1) D:7            Lair (0/5) D:8
    Orc: D:9-12

Altars:
Ashenzari
Cheibriados
Elyvilon
Fedhas
Gozag
Hepliaklqana
Makhleb
Nemelex Xobeh
Okawaru
Qazlal
Ru
Trog
Uskayaw
Wu Jian
Xom
Yredelemnul
Zin
The Shining One

Annotations:
D:8 2 runed translucent doors, exclusion: orange crystal statue


Innate Abilities, Weirdness & Mutations

You are immune to sickness and miasma.
You are immune to poison.
Your flesh is very heat resistant. (rF++)
You are vulnerable to cold. (rC-)
You float through the air rather than walking.
You learn spells naturally, not from books.
Your magical power is your life essence.
You have superior vitality. (+4 MHP)


Message History

You see here a killer bee corpse.
A centaur warrior comes into view.
Found 3 scrolls of identify.
Casting: Sandblast (safe; 1% risk of failure)
Confirm with . or Enter, or press ? or * to list all spells.
Aiming: Poisonous Vapours (safe; 1% risk of failure)
Press: ? - help, Dir - move target, f - centaur warrior
Aim: a centaur warrior (asleep) Poisonous vapours surround the centaur warrior!
The centaur warrior is poisoned.
The centaur warrior shouts!
The centaur warrior wields a +0 longbow.
The centaur warrior shoots an arrow.
The arrow hits you!
You hear a shout!
The centaur warrior shoots an arrow.
The arrow hits you!!
You see here a killer bee corpse.
The centaur warrior shoots an arrow.
The arrow hits you.
There is an open door here.
Casting: Poisonous Vapours (safe; 1% risk of failure)
Confirm with . or Enter, or press ? or * to list all spells.
Aiming: Petrify (dangerous; 1% risk of failure)
Press: ? - help, Shift-Dir - straight line, f/p - centaur warrior
Aim: a centaur warrior, wielding a +0 longbow (lightly wounded, very poisoned, chance to affect: 64%)
You feel a surge of power!
The centaur warrior struggles to resist.
The centaur warrior shoots an arrow.
The arrow hits you!!
* * * LOW HITPOINT WARNING * * *
The centaur warrior shoots an arrow.
The arrow hits you.
* * * LOW HITPOINT WARNING * * *
You hear a shout!
As you read the scroll of teleportation, it crumbles to dust.
You feel strangely unstable.
As you read the scroll of fear, it crumbles to dust.
You assume a fearsome visage.
The centaur warrior looks frightened!
Your surroundings suddenly seem different.
A centaur warrior is nearby!
The centaur warrior shoots an arrow.
The arrow hits you!!
* * * LOW HITPOINT WARNING * * *
The centaur warrior shoots an arrow.
The arrow hits you!!
You die...

........####......#
...##...# #......#
...##...# #...#..#
...##...####...#..#
...##..........#..#
..................#
####'########.....#
.......# , #.....#
.......# #...@.#
.......#* #...#.#
..##...# , #...#.#
..##...#* #...#.#
.......#*, #.....#
.......#*, #.....#
.......# ,,#.....#
######## , #.##.c#
* * ,#.....#


You could see a centaur warrior.

Vanquished Creatures
  A kobold demonologist (D:9)
  Prince Ribbit (D:8)
  Grinder (D:3)
  3 wyverns
  A wraith (D:9)
  A steam dragon (D:6)
  3 water moccasins
  2 acid dragons
  4 orc warriors
  A black bear (D:5)
  2 ogres
  3 centaurs
  A phantom (D:6)
  A kobold brigand (D:8)
  2 bullfrogs (D:7)
  A scorpion (D:6)
  13 killer bees
  3 jellies
  3 hounds
  2 gnoll boudas
  2 orc priests
  Ijyb (D:3)
  An iron imp (D:4)
  8 iguanas
  10 orc wizards
  A centaur simulacrum (D:9)
  Robin (D:3)
  16 gnolls
  8 adders
  4 white imps
  5 dart slugs
  17 orcs
  5 ball pythons
  2 bats
  5 endoplasms
  2 giant cockroaches
  29 goblins
  4 hobgoblins
  5 jackals
  10 kobolds
  3 quokkas
  2 frilled lizards
  3 rats
193 creatures vanquished.

Vanquished Creatures (collateral kills)
  An orc (D:7)
1 creature vanquished.

Grand Total: 194 creatures vanquished

Notes
Turn   | Place    | Note
-------+----------+-------------------------------------------
     0 | D:1      | oldmanjim the Djinni Earth Elementalist began the quest for
                  | the Orb.
     0 | D:1      | oldmanjim set off with the following spells memorised:
                  | Sandblast, Passwall, Stone Arrow, Petrify.
     0 | D:1      | Reached XP level 1. HP: 15/15 MP: 0/0
   231 | D:1      | Reached XP level 2. HP: 19/21 MP: 0/0
   600 | D:3      | Reached skill level 3 in Spellcasting
   772 | D:3      | Noticed Grinder
   773 | D:3      | Paralysed by Grinder for 3 turns
   778 | D:3      | Paralysed by Grinder for 3 turns
   782 | D:3      | Killed Grinder
   783 | D:3      | Reached skill level 4 in Spellcasting
   783 | D:3      | Reached XP level 3. HP: 3/25 MP: 0/0
   783 | D:3      | Learned a level 1 spell: Summon Small Mammal
   783 | D:3      | Reached XP level 4. HP: 4/31 MP: 0/0
   783 | D:3      | Reached XP level 5. HP: 4/35 MP: 0/0
   783 | D:3      | Learned a level 2 spell: Poisonous Vapours
   783 | D:3      | Reached XP level 6. HP: 5/40 MP: 0/0
   990 | D:3      | Reached skill level 5 in Spellcasting
  1051 | D:3      | Noticed Ijyb
  1086 | D:3      | Killed Ijyb
  1144 | D:3      | Noticed an ogre
  1173 | D:3      | Killed an ogre
  1174 | D:3      | Reached skill level 1 in Fighting
  1478 | D:3      | Noticed Robin
  1661 | D:2      | Reached XP level 7. HP: 47/48 MP: 0/0
  1661 | D:2      | Learned a level 3 spell: Ozocubu's Armour
  2001 | D:3      | Killed Robin
  2162 | D:4      | You are sucked into a shaft and drop 1 floor!
  2162 | D:5      | Entered Level 5 of the Dungeon
  2647 | D:4      | Reached skill level 6 in Spellcasting
  2714 | D:4      | Found a snail-covered altar of Cheibriados.
  2719 | D:4      | Reached XP level 8. HP: 49/55 MP: 0/0
  3672 | D:6      | Reached skill level 1 in Armour
  3910 | D:6      | Reached XP level 9. HP: 48/63 MP: 0/0
  3910 | D:6      | Learned a level 3 spell: Summon Guardian Golem
  3910 | D:6      | Upgraded the game from 0.30-a0-329-g85436e0a43 to
                  | 0.30-a0-331-g8ab09dc110
  3969 | D:6      | Reached skill level 5 in Fighting
  3969 | D:6      | Reached skill level 7 in Spellcasting
  4799 | D:7      | Found a staircase to the Ecumenical Temple.
  4808 | Temple   | Entered the Ecumenical Temple
  5120 | Temple   | Became a worshipper of Ashenzari the Shackled
  5176 | D:7      | Reached skill level 8 in Spellcasting
  5440 | D:7      | Found a burning altar of Makhleb.
  5443 | D:7      | Found a hide-covered altar of Uskayaw.
  6069 | D:8      | Reached skill level 1 in Evocations
  6176 | D:8      | Reached XP level 10. HP: 69/70 MP: 0/0
  6359 | D:8      | Found a staircase to the Lair.
  6609 | D:8      | Reached skill level 9 in Spellcasting
  6697 | D:8      | Reached * piety under Ashenzari
  6712 | D:8      | Found a runed translucent door.
  6718 | D:8      | Found the +10 tower shield of Ignorance {rN+ Int-4}
  6735 | D:8      | Found a runed translucent door.
  6742 | D:8      | Noticed an orange crystal statue
  6953 | D:9      | Noticed Prince Ribbit
  6960 | D:8      | Killed Prince Ribbit
  7017 | D:9      | Identified the +1 ring mail of Paranoia {Regen+ Int+6
                  | Slay+3}
  7445 | D:9      | Reached ** piety under Ashenzari
  7730 | D:9      | Reached skill level 1 in Shields
  7898 | D:9      | Noticed a kobold demonologist
  7917 | D:9      | Killed a kobold demonologist
  8172 | D:9      | Noticed a centaur warrior
  8271 | D:9      | Shot with an arrow by a centaur warrior

Illustrated notes

Levels and vault maps discovered:
D:1:      shiori_arrival_oz, layout_rooms
D:2:      layout_basic, minmay_tromino_i4, uniq_jessica
D:3:      kennysheep_goblin_castle, layout_basic, minmay_ogre_servants,
          uniq_robin, uniq_grinder
D:4:      minmay_diamond_boxcup, layout_rooms, slow_altar_2, serial_glass,
          glass_columns_b, glass_columns_a
D:5:      layout_rooms, small_statue_intersection
D:6:      layout_rooms, minivault_27
D:7:      layout_gridville, minitemple, minmay_temple_entry_slanted
D:8:      layout_loops_cross, lair_entry_dummy,
          chequers_guarded_unrand_ignorance
D:9:      hangedman_cross_veins, layout_stronghold, uniq_prince_ribbit1
Temple:   dpeg_five_rooms_temple

Skill      XL: |  1  2  3  4  5  6  7  8  9 10 |
---------------+-------------------------------+-----
Spellcasting   | 4 5 6 8 9 |  9.4
Fighting       | 1 2 4 5 6 |  6.1
Dodging        | 3 4 |  4.0
Armour         | 2 4 |  4.2
Evocations     | 1 4 |  4.3
Shields        | 1 |  1.7
Stealth        | |  1.5

Action                   |  1- 3 |  4- 6 |  7- 9 | 10-12 || total
-------------------------+-------+-------+-------+-------++-------
Melee: Unarmed           |     1 |       |       |       ||     1
 Fire: Sling             |     5 |       |       |       ||     5
 Cast: Sandblast         |    22 |    31 |    79 |    32 ||   164
       Poisonous Vapours |       |    11 |    66 |    20 ||    97
       Stone Arrow       |       |     2 |    58 |    28 ||    88
       Ozocubu's Armour  |       |       |     1 |       ||     1
       Summon Small Mamm |       |       |     4 |     2 ||     6
       Petrify           |       |       |     3 |     3 ||     6
       Summon Guardian G |       |       |     2 |       ||     2
Invok: Curse Item        |       |       |     1 |     2 ||     3
  Use: Scroll            |       |       |       |     2 ||     2
Armor: Robe              |     3 |       |       |       ||     3
       Leather armour    |       |    12 |    13 |    25 ||    50
Dodge: Dodged            |     9 |    23 |    24 |    56 ||   112

Table legend: (Time is in decaauts)
 A = Elapsed time spent in this place.
 B = Non-inter-level travel time spent in this place.
 C = Inter-level travel time spent in this place.
 D = Time resting spent in this place.
 E = Time spent auto-exploring this place.
 F = Levels seen in this place.
 G = Mean time per level.
                   A        B        C        D        E       F      G
               +--------+--------+--------+--------+--------+-----+--------+
         Total |   8355 |   8031 |    324 |    790 |   5855 |  10 |  835.5 |
       Dungeon |   7992 |   7770 |    222 |    790 |   5608 |   9 |  888.0 |
        Temple |    362 |    260 |    102 |      0 |    247 |   1 |  362.0 |
               +--------+--------+--------+--------+--------+-----+--------+

Top non-repeatable levels by time:
     D:3: 1342 daAuts
     D:8: 1179 daAuts
     D:7: 1128 daAuts
     D:9: 1075 daAuts
     D:4: 846 daAuts
     D:6: 824 daAuts
     D:5: 750 daAuts
     D:1: 480 daAuts
     D:2: 364 daAuts
  Temple: 362 daAuts
